Remparts vs Rafales
Created - April 11, 2018 at 19:02
Goals
|
| Remparts |
1 |
3 |
0 |
0 |
4 |
| Rafales |
1 |
2 |
1 |
1 |
5 |
|
Shots
|
| Remparts |
7 |
16 |
6 |
0 |
29 |
| Rafales |
12 |
9 |
15 |
1 |
37 |
|
1st period
1. Rafales , Mike Zigomanis 37 (Cody McLeod 68) at 15:34 (PP)
2. Remparts , Mike Weber 6 (Alex Galchenyuk 61, Dainius Zubrus 40) at 18:04 (PP)
Penalties :
Kris Russell (Que) for Hooking (Minor) at 15:30, Mark Fayne (Stf) for Slashing (Minor) at 17:47
2nd period
3. Rafales , Cody McLeod 51 (Milan Bartovic 33, Dylan McIlrath 13) at 3:38
4. Rafales , Tim Crowder 19 (Michael Bournival 17, Jarret Stoll 33) at 8:55
5. Remparts , Ryan Strome 20 (Kris Russell 23, Daniel Paille 29) at 9:15
6. Remparts , Mike Weber 7 (Alex Galchenyuk 62, Guillaume Desbiens 56) at 9:21
7. Remparts , Alex Galchenyuk 47 (Guillaume Desbiens 57, Dainius Zubrus 41) at 12:23
Penalties :
Alex Galchenyuk (Que) for Hooking (Minor) at 4:00, Julian Melchiori (Stf) for Slashing (Minor) at 15:45, Kris Russell (Que) for Holding (Minor) at 17:04, Guillaume Desbiens (Que) for High sticking (Minor) at 19:55
3rd period
8. Rafales , Cody McLeod 52 (Mike Zigomanis 72, Connor Murphy 22) at 19:25
Penalties :
Ryan Strome (Que) for Roughing (Minor) at 4:03, Tim Crowder (Stf) for High sticking (Minor) at 14:57
Overtime #1
9. Rafales , Nathan Davis 26 (Milan Bartovic 34) at 1:57 (PP)
Penalties :
Alex Galchenyuk (Que) for Interference (Minor) at 1:49
Goalie Stats
Tyler Plante (Que), 32 saves from 37 shots - (0.865), OTL, 19-19-4, 61:57 minutes
Leland Irving (Stf), 25 saves from 29 shots - (0.862), W, 7-5-1, 61:33 minutes
Players Stats for Remparts
Player Name G A P +/- PIM S H SB GA TA FO MP PP MP PK MP
------------------------------------------------------------------------------------
Alex Galchenyuk 1 2 3 0 4 8 1 0 1 0 1/1 22:04 1:54 0:39
Cédric Lalonde-McNicoll 0 0 0 0 0 0 2 0 0 0 1/5 9:58 0:00 0:00
Chris Mueller 0 0 0 -1 0 1 0 2 1 0 0/0 10:31 0:00 2:03
Dainius Zubrus 0 2 2 0 0 1 3 0 0 0 17/31 21:48 1:54 0:21
Dale Weise 0 0 0 -1 0 0 1 0 0 0 0/0 8:24 0:00 0:00
Daniel Paille 0 1 1 1 0 4 2 0 0 1 0/1 18:30 1:41 4:00
Erik Gustafsson 0 0 0 -1 0 1 1 1 0 1 0/0 20:02 1:36 3:56
Griffin Reinhart 0 0 0 -1 0 1 0 0 0 0 0/0 12:30 0:00 0:19
Guillaume Desbiens 0 2 2 1 2 0 4 1 2 0 0/1 19:42 1:54 1:11
Johannes Salmonsson 0 0 0 -1 0 0 4 0 0 1 0/1 8:35 0:00 0:11
Justin Williams 0 0 0 0 0 1 2 0 0 0 0/0 9:58 0:00 0:00
Kris Russell 0 1 1 3 4 0 0 3 1 1 0/0 27:25 1:58 2:52
Max Reinhart 0 0 0 1 0 1 0 0 0 0 9/17 18:56 1:41 4:19
Michal Jordan 0 0 0 -1 0 1 1 0 0 2 0/0 13:01 0:00 0:57
Mike Weber 2 0 2 2 0 3 2 1 0 1 0/0 29:51 1:59 3:31
Pasi Salonen 0 0 0 0 0 1 2 0 0 1 0/0 12:05 0:00 2:03
Ryan Strome 1 0 1 0 2 6 4 1 0 0 0/0 15:08 1:41 0:00
William Colbert 0 0 0 -2 0 0 2 0 2 0 0/0 21:07 1:36 3:19
Players Stats for Rafales
Player Name G A P +/- PIM S H SB GA TA FO MP PP MP PK MP
------------------------------------------------------------------------------------
Brian Ferlin 0 0 0 -1 0 0 4 0 0 0 0/0 13:07 0:25 0:00
Carl Klingberg 0 0 0 -1 0 2 3 1 1 0 0/0 13:52 0:25 0:40
Chris Terry 0 0 0 0 0 0 0 0 0 0 0/0 8:38 0:00 0:00
Cody McLeod 2 1 3 0 0 5 5 0 3 2 2/4 23:23 3:36 2:15
Connor Murphy 0 1 1 1 0 0 0 3 1 1 0/0 23:06 3:28 1:26
Dennis Persson 0 0 0 -2 0 1 1 0 0 0 0/0 17:23 0:00 0:00
Dylan McIlrath 0 1 1 1 0 0 1 1 0 0 0/0 13:44 0:00 0:00
James Marcou 0 0 0 0 0 0 1 0 0 0 0/0 8:38 0:00 0:00
Jarret Stoll 0 1 1 1 0 3 3 0 1 0 5/8 12:25 0:10 0:40
Julian Melchiori 0 0 0 1 2 1 1 0 0 0 0/0 16:57 3:28 0:47
Kevin Veilleux 0 0 0 0 0 0 2 0 0 0 0/1 8:38 0:00 0:00
Mark Fayne 0 0 0 -2 2 2 3 1 0 3 0/0 29:35 3:54 2:09
Michael Bournival 0 1 1 1 0 3 2 0 1 0 0/1 15:09 3:19 0:00
Mike Zigomanis 1 1 2 0 0 8 1 1 0 0 19/37 23:46 3:49 2:15
Milan Bartovic 0 2 2 0 0 4 0 0 0 0 0/1 20:03 3:36 0:40
Nathan Davis 1 0 1 -1 0 6 3 0 1 0 3/5 16:48 3:19 0:40
Slater Koekkoek 0 0 0 1 0 1 0 1 0 0 0/0 23:09 3:52 2:48
Tim Crowder 1 0 1 1 2 1 0 0 0 1 0/0 15:09 3:19 0:00
3 Stars
1 - Cody McLeod (Stf)
2 - Mike Weber (Que)
3 - Mike Zigomanis (Stf)
Power Play
Remparts - 1 on 3 Attempt(s) - 33.33%
Rafales - 2 on 6 Attempt(s) - 33.33%
Penalty Kill
Remparts - 4 on 6 Attempt(s) - 66.67%
- Score 0 goal in Penalty Kill
Rafales - 2 on 3 Attempt(s) - 66.67%
- Score 0 goal in Penalty Kill
Team Stat
Remparts - Hits : 31 - Faceoff Wins : 28 - Blocked Shots : 9 - Penalty Minutes : 12
Rafales - Hits : 30 - Faceoff Wins : 29 - Blocked Shots : 8 - Penalty Minutes : 6
Official
Referees : O'Halloran Dan and Joannette Marc
Linesman : Mark Shewchyk and David Brisebois
Game Notes
No Game Note
Finance
Level 1 -- Attendance: 1385 (69.25%) -- Ticket Income $55,400
Level 2 -- Attendance: 725 (72.50%) -- Ticket Income $14,500
Total Attendance: 2110 (70.33%)
Total Ticket Income: $69,900
Other Income: $3,495
Total Income: $73,395
Remparts
5 vs 5 Forward
Center Left Wing Right Wing Time % Phy DF OF
1 Dainius Zubrus Alex Galchenyuk Guillaume Desbiens 40 1 2 2
2 Max Reinhart Daniel Paille Ryan Strome 30 1 2 2
3 Cédric Lalonde-McNicoll Pasi Salonen Justin Williams 20 1 2 2
4 Chris Mueller Johannes Salmonsson Dale Weise 10 1 2 2
5 vs 5 Defense
Defense Defense Time % Phy DF OF
1 Kris Russell Mike Weber 40 1 2 2
2 William Colbert Erik Gustafsson 30 1 2 2
3 Michal Jordan Griffin Reinhart 20 1 2 2
4 Kris Russell Mike Weber 10 1 2 2
PowerPlay Forward
Center Left Wing Right Wing Time % Phy DF OF
1 Dainius Zubrus Alex Galchenyuk Guillaume Desbiens 60 1 2 2
2 Max Reinhart Daniel Paille Ryan Strome 40 1 2 2
PowerPlay Defense
Defense Defense Time % Phy DF OF
1 Kris Russell Mike Weber 60 1 2 2
2 William Colbert Erik Gustafsson 40 1 2 2
Penalty Kill 4 Players Forward
Center Wing Time % Phy DF OF
1 Max Reinhart Daniel Paille 60 1 2 2
2 Chris Mueller Pasi Salonen 40 1 2 2
Penalty Kill 4 Players Defense
Defense Defense Time % Phy DF OF
1 William Colbert Mike Weber 60 1 2 2
2 Erik Gustafsson Kris Russell 40 1 2 2
Penalty Kill - 3 Players Forward
Forward Time % Phy DF OF
1 Max Reinhart 60 1 2 2
2 Chris Mueller 40 1 2 2
Penalty Kill - 3 Players Defense
Defense Defense Time % Phy DF OF
1 William Colbert Mike Weber 60 1 2 2
2 Erik Gustafsson Kris Russell 40 1 2 2
4 vs 4 Forward
Center Wing Time % Phy DF OF
1 Dainius Zubrus Alex Galchenyuk 60 1 2 2
2 Max Reinhart Guillaume Desbiens 40 1 2 2
4 vs 4 Defense
Defense Defense Time % Phy DF OF
1 Kris Russell Mike Weber 60 1 2 2
2 William Colbert Erik Gustafsson 40 1 2 2
Last Minutes Offensive
Center Left Wing Right Wing Defense Defense
Dainius Zubrus Alex Galchenyuk Guillaume Desbiens Kris Russell Mike Weber
Last Minutes Defensive
Center Left Wing Right Wing Defense Defense
Max Reinhart Daniel Paille Guillaume Desbiens William Colbert Mike Weber
Goaltenders
Starting : Tyler Plante
Backup : Igor Bobkov
Extra Forwards
Normal : Max Reinhart, Alex Galchenyuk, Ryan Strome - PP : Daniel Paille, Pasi Salonen - PK : Guillaume Desbiens
Extra Defensemen
Normal : William Colbert, Griffin Reinhart, Mike Weber - PP : Griffin Reinhart - PK : Erik Gustafsson, Michal Jordan
Penalty Shots
Alex Galchenyuk, Pasi Salonen, Daniel Paille, Justin Williams, Ryan Strome
Scratches
Cody Ceci (Upper Body Injury), Michael Paliotta (Healthy), Anton Zlobin (Healthy), Mitchell Heard (Healthy), Brandon Mashinter (Healthy)
Patrick Maroon (Healthy), Tim Bozon (Healthy), François Brassard (Healthy)
Rafales
5 vs 5 Forward
Center Left Wing Right Wing Time % Phy DF OF
1 Mike Zigomanis Cody McLeod Milan Bartovic 40 1 1 3
2 Jarret Stoll Michael Bournival Tim Crowder 30 1 1 3
3 Nathan Davis Carl Klingberg Brian Ferlin 20 1 1 3
4 Kevin Veilleux Chris Terry James Marcou 10 1 1 3
5 vs 5 Defense
Defense Defense Time % Phy DF OF
1 Dennis Persson Mark Fayne 40 1 3 1
2 Julian Melchiori Connor Murphy 30 1 3 1
3 Dylan McIlrath Slater Koekkoek 20 1 3 1
4 Mark Fayne Connor Murphy 10 1 3 1
PowerPlay Forward
Center Left Wing Right Wing Time % Phy DF OF
1 Mike Zigomanis Cody McLeod Milan Bartovic 60 0 0 5
2 Nathan Davis Michael Bournival Tim Crowder 40 0 0 5
PowerPlay Defense
Defense Defense Time % Phy DF OF
1 Slater Koekkoek Mark Fayne 60 0 2 3
2 Julian Melchiori Connor Murphy 40 0 2 3
Penalty Kill 4 Players Forward
Center Wing Time % Phy DF OF
1 Mike Zigomanis Cody McLeod 60 0 4 1
2 Nathan Davis Milan Bartovic 40 0 4 1
Penalty Kill 4 Players Defense
Defense Defense Time % Phy DF OF
1 Slater Koekkoek Mark Fayne 60 1 4 0
2 Julian Melchiori Connor Murphy 40 1 4 0
Penalty Kill - 3 Players Forward
Forward Time % Phy DF OF
1 Mike Zigomanis 60 0 5 0
2 Cody McLeod 40 0 5 0
Penalty Kill - 3 Players Defense
Defense Defense Time % Phy DF OF
1 Slater Koekkoek Mark Fayne 60 1 4 0
2 Julian Melchiori Connor Murphy 40 1 4 0
4 vs 4 Forward
Center Wing Time % Phy DF OF
1 Mike Zigomanis Cody McLeod 60 1 1 3
2 Nathan Davis Milan Bartovic 40 1 1 3
4 vs 4 Defense
Defense Defense Time % Phy DF OF
1 Slater Koekkoek Mark Fayne 60 1 3 1
2 Julian Melchiori Connor Murphy 40 1 3 1
Last Minutes Offensive
Center Left Wing Right Wing Defense Defense
Mike Zigomanis Cody McLeod Milan Bartovic Connor Murphy Mark Fayne
Last Minutes Defensive
Center Left Wing Right Wing Defense Defense
Mike Zigomanis Cody McLeod Milan Bartovic Slater Koekkoek Mark Fayne
Goaltenders
Starting : Leland Irving
Backup : Philipp Grubauer
Extra Forwards
Normal : Cody McLeod, Mike Zigomanis, Milan Bartovic - PP : Cody McLeod, Mike Zigomanis - PK : Mike Zigomanis
Extra Defensemen
Normal : Connor Murphy, Mark Fayne, Slater Koekkoek - PP : Connor Murphy - PK : Slater Koekkoek, Mark Fayne
Penalty Shots
Mike Zigomanis, Cody McLeod, Nathan Davis, Milan Bartovic, James Marcou
Scratches
Ben Sexton (Healthy), Cedric Paquette (Healthy), Ryan Bourque (Healthy), Ben Johnson (Healthy), Nicklas Jensen (Healthy)
Jayson Megna (Healthy), Brad Ross (Healthy), Petr Kalus (Healthy), Ben Thomson (Fractured Left Foot Injury), David Broll (Healthy)
Stefan Chaput (Healthy), Akim Aliu (Healthy), Maksim Mayorov (Healthy), Chris Driedger (Healthy)
% Time on Ice - Remparts
Lines # - Real PCT - Wanted PCT - Time Play
Normal Forward
1 - 34% - 40% - 16:17
2 - 27% - 30% - 13:06
3 - 21% - 20% - 9:58
4 - 18% - 10% - 8:24
Normal Defense
1 - 40% - 40% - 19:07
2 - 30% - 30% - 14:30
3 - 25% - 20% - 12:04
4 - 4% - 10% - 2:04
PP Forward
1 - 53% - 60% - 1:54
2 - 47% - 40% - 1:41
PP Defense
1 - 55% - 60% - 1:59
2 - 45% - 40% - 1:36
PK Forward
1 - 71% - 60% - 5:12
2 - 29% - 40% - 2:08
PK Defense
1 - 48% - 60% - 3:31
2 - 52% - 40% - 3:49
PK3 Forward
1 - 100% - 60% - 0:07
2 - 0% - 40% - 0:00
PK3 Defense
1 - 100% - 60% - 0:07
2 - 0% - 40% - 0:00
44 Forward
1 - 98% - 60% - 2:27
2 - 2% - 40% - 0:03
44 Defense
1 - 100% - 60% - 2:30
2 - 0% - 40% - 0:00
Last Minute Offensive - 0:00
Last Minute Defensive - 0:40
Total
Forward - 61:57
Defense - 61:57
|
% Time on Ice - Rafales
Lines # - Real PCT - Wanted PCT - Time Play
Normal Forward
1 - 31% - 40% - 14:38
2 - 25% - 30% - 11:50
3 - 26% - 20% - 12:38
4 - 18% - 10% - 8:38
Normal Defense
1 - 38% - 40% - 17:59
2 - 25% - 30% - 11:56
3 - 28% - 20% - 13:24
4 - 9% - 10% - 4:25
PP Forward
1 - 55% - 60% - 4:01
2 - 45% - 40% - 3:19
PP Defense
1 - 53% - 60% - 3:52
2 - 47% - 40% - 3:28
PK Forward
1 - 81% - 60% - 2:55
2 - 19% - 40% - 0:40
PK Defense
1 - 68% - 60% - 2:26
2 - 32% - 40% - 1:09
PK3 Forward
1 - 0% - 60%
2 - 0% - 40%
PK3 Defense
1 - 0% - 60%
2 - 0% - 40%
44 Forward
1 - 96% - 60% - 2:30
2 - 4% - 40% - 0:07
44 Defense
1 - 70% - 60% - 1:50
2 - 30% - 40% - 0:47
Last Minute Offensive - 0:41
Last Minute Defensive - 0:00
Total
Forward - 61:57
Defense - 61:57
|
Play by Play
1st period
0:01 of 1st period - Cody McLeod wins face-off versus Dainius Zubrus in neutral zone.
0:14 of 1st period - Off-side.
0:15 of 1st period - Jarret Stoll wins face-off versus Max Reinhart in neutral zone.
0:40 of 1st period - Daniel Paille is hit by Kevin Veilleux and loses puck.
1:07 of 1st period - Snap shot by Justin Williams.
1:07 of 1st period - Stopped by Leland Irving with a rebound.
1:28 of 1st period - Mike Zigomanis is hit by William Colbert and loses puck.
2:29 of 1st period - Slapshot by Guillaume Desbiens.
2:29 of 1st period - Shot Misses the Net.
3:32 of 1st period - Brian Ferlin is hit by Guillaume Desbiens and loses puck.
4:04 of 1st period - Slapshot by Nathan Davis.
4:04 of 1st period - Stopped by Tyler Plante with a rebound.
4:26 of 1st period - Snap shot by Nathan Davis.
4:26 of 1st period - Stopped by Tyler Plante with a rebound.
4:30 of 1st period - Snap shot by Nathan Davis.
4:30 of 1st period - Deflect By Carl Klingberg.
4:30 of 1st period - Shot Misses the Net.
4:30 of 1st period - Puck is out of play.
4:31 of 1st period - Dainius Zubrus wins face-off versus Cody McLeod in Remparts zone.
4:36 of 1st period - Snap shot by Alex Galchenyuk.
4:36 of 1st period - Shot Misses the Net.
5:16 of 1st period - Cédric Lalonde-McNicoll is hit by Julian Melchiori and loses puck.
5:43 of 1st period - Slapshot by Cody McLeod.
5:43 of 1st period - Stopped by Tyler Plante with a rebound.
5:47 of 1st period - Snap shot by Mike Zigomanis.
5:47 of 1st period - Stopped by Tyler Plante with a rebound.
6:03 of 1st period - Wrist shot by Daniel Paille.
6:03 of 1st period - Deflect By Kevin Veilleux.
6:03 of 1st period - Stopped by Leland Irving with a rebound.
6:19 of 1st period - Chris Mueller is hit by Cody McLeod.
6:29 of 1st period - Michael Bournival is hit by Justin Williams and loses puck.
6:48 of 1st period - Guillaume Desbiens is hit by Brian Ferlin.
7:10 of 1st period - Snap shot by Ryan Strome.
7:10 of 1st period - Stopped by Leland Irving with a rebound.
7:30 of 1st period - Nathan Davis is hit by Johannes Salmonsson and loses puck.
7:37 of 1st period - Johannes Salmonsson is hit by Nathan Davis.
8:14 of 1st period - Mike Weber is hit by Dennis Persson and loses puck.
9:10 of 1st period - Griffin Reinhart is hit by Michael Bournival and loses puck.
10:16 of 1st period - Icing by Kris Russell.
10:17 of 1st period - Dainius Zubrus wins face-off versus Nathan Davis in Remparts zone.
10:33 of 1st period - Snap shot by Nathan Davis.
10:33 of 1st period - Stopped by Tyler Plante with a rebound.
10:40 of 1st period - Icing by Kris Russell.
10:41 of 1st period - Mike Zigomanis wins face-off versus Daniel Paille in Remparts zone.
10:42 of 1st period - Slapshot by Cody McLeod.
10:42 of 1st period - Stopped by Tyler Plante with a rebound.
11:16 of 1st period - Wrist shot by Guillaume Desbiens.
11:16 of 1st period - Shot Blocked by Slater Koekkoek.
11:48 of 1st period - Mike Zigomanis is hit by Johannes Salmonsson and loses puck.
12:16 of 1st period - William Colbert is hit by James Marcou.
13:32 of 1st period - Cody McLeod is hit by Ryan Strome.
13:41 of 1st period - Mike Zigomanis is hit by Ryan Strome.
13:47 of 1st period - Mike Weber is hit by Cody McLeod and loses puck.
14:00 of 1st period - Michael Bournival is hit by Johannes Salmonsson and loses puck.
14:19 of 1st period - Alex Galchenyuk is hit by Dylan McIlrath.
14:45 of 1st period - Cédric Lalonde-McNicoll is hit by Carl Klingberg and loses puck.
15:30 of 1st period - Minor Penalty to Kris Russell for Hooking.
15:31 of 1st period - Mike Zigomanis wins face-off versus Max Reinhart in Remparts zone.
15:34 of 1st period - Wrist shot by Mike Zigomanis.
15:34 of 1st period - Goal by Mike Zigomanis - Remparts : 0 - Rafales : 1.
15:35 of 1st period - Dainius Zubrus wins face-off versus Mike Zigomanis in neutral zone.
15:38 of 1st period - Mark Fayne is hit by Dainius Zubrus and loses puck.
16:01 of 1st period - Michael Bournival is hit by Ryan Strome and loses puck.
16:10 of 1st period - Slapshot by Daniel Paille.
16:10 of 1st period - Stopped by Leland Irving with a rebound.
16:26 of 1st period - Chris Terry is hit by Justin Williams and loses puck.
16:45 of 1st period - Carl Klingberg is hit by Guillaume Desbiens and loses puck.
16:50 of 1st period - Slapshot by Guillaume Desbiens.
16:50 of 1st period - Shot Blocked by Connor Murphy.
17:06 of 1st period - Wrist shot by Milan Bartovic.
17:06 of 1st period - Stopped by Tyler Plante with a rebound.
17:08 of 1st period - Wrist shot by Milan Bartovic.
17:08 of 1st period - Shot Misses the Net.
17:10 of 1st period - Wrist shot by Cody McLeod.
17:10 of 1st period - Shot Blocked by Kris Russell.
17:12 of 1st period - Snap shot by Julian Melchiori.
17:12 of 1st period - Shot Hit the Post.
17:14 of 1st period - Slapshot by Julian Melchiori.
17:14 of 1st period - Stopped by Tyler Plante without a rebound.
17:15 of 1st period - Mike Zigomanis wins face-off versus Dainius Zubrus in Remparts zone.
17:21 of 1st period - Wrist shot by Dennis Persson.
17:21 of 1st period - Stopped by Tyler Plante with a rebound.
17:23 of 1st period - Snap shot by Mike Zigomanis.
17:23 of 1st period - Stopped by Tyler Plante with a rebound.
17:25 of 1st period - Slapshot by Mark Fayne.
17:25 of 1st period - Stopped by Tyler Plante without a rebound.
17:26 of 1st period - Dainius Zubrus wins face-off versus Mike Zigomanis in Remparts zone.
17:47 of 1st period - Minor Penalty to Mark Fayne for Slashing.
17:48 of 1st period - Mike Zigomanis wins face-off versus Dainius Zubrus in Rafales zone.
17:48 of 1st period - Mike Zigomanis is hit by Guillaume Desbiens.
18:02 of 1st period - Snap shot by Alex Galchenyuk.
18:02 of 1st period - Shot Misses the Net.
18:04 of 1st period - Slapshot by Mike Weber.
18:04 of 1st period - Goal by Mike Weber - Remparts : 1 - Rafales : 1.
18:05 of 1st period - Mike Zigomanis wins face-off versus Dainius Zubrus in neutral zone.
18:12 of 1st period - Slapshot by Mike Zigomanis.
18:12 of 1st period - Shot Misses the Net.
18:14 of 1st period - Slapshot by Mark Fayne.
18:14 of 1st period - Shot Misses the Net.
18:55 of 1st period - Brian Ferlin is hit by Cédric Lalonde-McNicoll and loses puck.
19:18 of 1st period - Slapshot by Griffin Reinhart.
19:18 of 1st period - Stopped by Leland Irving with a rebound.
19:20 of 1st period - Slapshot by Mike Weber.
19:20 of 1st period - Stopped by Leland Irving with a rebound.
19:22 of 1st period - Snap shot by Kris Russell.
19:22 of 1st period - Shot Misses the Net.
19:24 of 1st period - Slapshot by Mike Weber.
19:24 of 1st period - Deflect By Johannes Salmonsson.
19:24 of 1st period - Shot Misses the Net.
19:24 of 1st period - Puck is out of play.
19:25 of 1st period - Mike Zigomanis wins face-off versus Johannes Salmonsson in Rafales zone.
19:54 of 1st period - Slapshot by Johannes Salmonsson.
19:54 of 1st period - Shot Misses the Net.
Goals for this period are 1 for Remparts vs 1 for Rafales.
Shots for this period are 7 for Remparts vs 12 for Rafales.
2nd period
0:01 of 2nd period - Mike Zigomanis wins face-off versus Dainius Zubrus in neutral zone.
0:48 of 2nd period - Backhand shot by Johannes Salmonsson.
0:48 of 2nd period - Shot Misses the Net.
0:54 of 2nd period - Snap shot by Chris Mueller.
0:54 of 2nd period - Stopped by Leland Irving with a rebound.
0:56 of 2nd period - Wrist shot by Erik Gustafsson.
0:56 of 2nd period - Stopped by Leland Irving with a rebound.
2:03 of 2nd period - Wrist shot by Ryan Strome.
2:03 of 2nd period - Shot Misses the Net.
2:29 of 2nd period - Snap shot by Tim Crowder.
2:29 of 2nd period - Deflect By Jarret Stoll.
2:29 of 2nd period - Stopped by Tyler Plante without a rebound.
2:30 of 2nd period - Cody McLeod wins face-off versus Cédric Lalonde-McNicoll in Remparts zone.
3:23 of 2nd period - Chris Terry is hit by Daniel Paille and loses puck.
3:38 of 2nd period - Wrist shot by Cody McLeod.
3:38 of 2nd period - Goal by Cody McLeod - Remparts : 1 - Rafales : 2.
3:39 of 2nd period - Dainius Zubrus wins face-off versus Mike Zigomanis in neutral zone.
3:48 of 2nd period - Snap shot by Cody McLeod.
3:48 of 2nd period - Shot Misses the Net.
4:00 of 2nd period - Minor Penalty to Alex Galchenyuk for Hooking.
4:01 of 2nd period - Max Reinhart wins face-off versus Cody McLeod in Remparts zone.
4:01 of 2nd period - Max Reinhart is hit by Mike Zigomanis.
5:52 of 2nd period - Daniel Paille is hit by Brian Ferlin and loses puck.
6:00 of 2nd period - Penalty to Alex Galchenyuk is over, Alex Galchenyuk is back on ice.
6:13 of 2nd period - Snap shot by Alex Galchenyuk.
6:13 of 2nd period - Stopped by Leland Irving with a rebound.
6:15 of 2nd period - Snap shot by Dainius Zubrus.
6:15 of 2nd period - Shot Misses the Net.
6:27 of 2nd period - Michal Jordan is hit by Brian Ferlin and loses puck.
6:34 of 2nd period - Michal Jordan is hit by Nathan Davis and loses puck.
6:55 of 2nd period - Wrist shot by Alex Galchenyuk.
6:55 of 2nd period - Stopped by Leland Irving without a rebound.
6:56 of 2nd period - Dainius Zubrus wins face-off versus Jarret Stoll in Rafales zone.
7:03 of 2nd period - Wrist shot by Alex Galchenyuk.
7:03 of 2nd period - Stopped by Leland Irving with a rebound.
7:05 of 2nd period - Wrist shot by Mike Weber.
7:05 of 2nd period - Shot Misses the Net.
7:07 of 2nd period - Slapshot by William Colbert.
7:07 of 2nd period - Shot Misses the Net.
7:30 of 2nd period - Wrist shot by Mike Zigomanis.
7:30 of 2nd period - Stopped by Tyler Plante without a rebound.
7:31 of 2nd period - Dainius Zubrus wins face-off versus Michael Bournival in Remparts zone.
7:38 of 2nd period - Snap shot by Alex Galchenyuk.
7:38 of 2nd period - Shot Misses the Net.
7:56 of 2nd period - Michal Jordan is hit by Cody McLeod and loses puck.
8:25 of 2nd period - Wrist shot by James Marcou.
8:25 of 2nd period - Shot Misses the Net.
8:27 of 2nd period - Slapshot by Slater Koekkoek.
8:27 of 2nd period - Deflect By Kevin Veilleux.
8:27 of 2nd period - Shot Blocked by Kris Russell.
8:27 of 2nd period - Puck is out of play.
8:28 of 2nd period - Dainius Zubrus wins face-off versus Mike Zigomanis in Remparts zone.
8:39 of 2nd period - Mike Zigomanis is hit by Dainius Zubrus and loses puck.
8:51 of 2nd period - Icing by William Colbert.
8:52 of 2nd period - Jarret Stoll wins face-off versus Dainius Zubrus in Remparts zone.
8:55 of 2nd period - Snap shot by Tim Crowder.
8:55 of 2nd period - Goal by Tim Crowder - Remparts : 1 - Rafales : 3.
8:56 of 2nd period - Mike Zigomanis wins face-off versus Dainius Zubrus in neutral zone.
9:09 of 2nd period - Wrist shot by Dainius Zubrus.
9:09 of 2nd period - Stopped by Leland Irving without a rebound.
9:10 of 2nd period - Max Reinhart wins face-off versus Mike Zigomanis in Rafales zone.
9:11 of 2nd period - Slapshot by Daniel Paille.
9:11 of 2nd period - Stopped by Leland Irving without a rebound.
9:12 of 2nd period - Max Reinhart wins face-off versus Mike Zigomanis in Rafales zone.
9:15 of 2nd period - Slapshot by Kris Russell.
9:15 of 2nd period - Deflect By Ryan Strome.
9:15 of 2nd period - Goal by Ryan Strome - Remparts : 2 - Rafales : 3.
9:16 of 2nd period - Dainius Zubrus wins face-off versus Mike Zigomanis in neutral zone.
9:19 of 2nd period - Snap shot by Guillaume Desbiens.
9:19 of 2nd period - Deflect By Alex Galchenyuk.
9:19 of 2nd period - Stopped by Leland Irving with a rebound.
9:21 of 2nd period - Slapshot by Mike Weber.
9:21 of 2nd period - Goal by Mike Weber - Remparts : 3 - Rafales : 3.
9:22 of 2nd period - Mike Zigomanis wins face-off versus Dainius Zubrus in neutral zone.
9:24 of 2nd period - Off-side.
9:25 of 2nd period - Mike Zigomanis wins face-off versus Dainius Zubrus in neutral zone.
9:28 of 2nd period - Mike Weber is hit by Cody McLeod and loses puck.
10:15 of 2nd period - Wrist shot by Alex Galchenyuk.
10:15 of 2nd period - Shot Blocked by Carl Klingberg.
10:17 of 2nd period - Wrist shot by Alex Galchenyuk.
10:17 of 2nd period - Shot Misses the Net.
11:45 of 2nd period - Slapshot by Mark Fayne.
11:45 of 2nd period - Stopped by Tyler Plante with a rebound.
11:47 of 2nd period - Snap shot by Carl Klingberg.
11:47 of 2nd period - Shot Misses the Net.
12:05 of 2nd period - Wrist shot by Guillaume Desbiens.
12:05 of 2nd period - Shot Misses the Net.
12:07 of 2nd period - Wrist shot by Alex Galchenyuk.
12:07 of 2nd period - Stopped by Leland Irving with a rebound.
12:09 of 2nd period - Slapshot by Mike Weber.
12:09 of 2nd period - Shot Hit the Post.
12:17 of 2nd period - Snap shot by Alex Galchenyuk.
12:17 of 2nd period - Shot Misses the Net.
12:19 of 2nd period - Snap shot by Dainius Zubrus.
12:19 of 2nd period - Shot Blocked by Connor Murphy.
12:21 of 2nd period - Backhand shot by Guillaume Desbiens.
12:21 of 2nd period - Shot Misses the Net.
12:23 of 2nd period - Slapshot by Alex Galchenyuk.
12:23 of 2nd period - Goal by Alex Galchenyuk - Remparts : 4 - Rafales : 3.
12:24 of 2nd period - Mike Zigomanis wins face-off versus Max Reinhart in neutral zone.
12:33 of 2nd period - Slapshot by Daniel Paille.
12:33 of 2nd period - Stopped by Leland Irving without a rebound.
12:34 of 2nd period - Mike Zigomanis wins face-off versus Max Reinhart in Rafales zone.
12:34 of 2nd period - Mike Zigomanis is hit by Erik Gustafsson.
12:44 of 2nd period - Milan Bartovic is hit by William Colbert and loses puck.
13:02 of 2nd period - Snap shot by Cody McLeod.
13:02 of 2nd period - Shot Blocked by Ryan Strome.
13:08 of 2nd period - Wrist shot by Cody McLeod.
13:08 of 2nd period - Shot Misses the Net.
13:54 of 2nd period - Snap shot by Mike Zigomanis.
13:54 of 2nd period - Stopped by Tyler Plante with a rebound.
14:02 of 2nd period - Wrist shot by Ryan Strome.
14:02 of 2nd period - Deflect By Max Reinhart.
14:02 of 2nd period - Stopped by Leland Irving without a rebound.
14:03 of 2nd period - Jarret Stoll wins face-off versus Cédric Lalonde-McNicoll in Rafales zone.
14:42 of 2nd period - Dennis Persson is hit by Cédric Lalonde-McNicoll.
14:49 of 2nd period - Icing by Kris Russell.
14:50 of 2nd period - Cédric Lalonde-McNicoll wins face-off versus Jarret Stoll in Remparts zone.
14:57 of 2nd period - Slapshot by Michal Jordan.
14:57 of 2nd period - Stopped by Leland Irving with a rebound.
14:59 of 2nd period - Backhand shot by Michal Jordan.
14:59 of 2nd period - Shot Blocked by Mark Fayne.
15:45 of 2nd period - Minor Penalty to Julian Melchiori for Slashing.
15:46 of 2nd period - Mike Zigomanis wins face-off versus Dainius Zubrus in Rafales zone.
15:46 of 2nd period - Mike Zigomanis is hit by Dainius Zubrus.
15:58 of 2nd period - Wrist shot by Cody McLeod.
15:58 of 2nd period - Shot Misses the Net.
16:42 of 2nd period - Snap shot by Nathan Davis.
16:42 of 2nd period - Stopped by Tyler Plante without a rebound.
16:43 of 2nd period - Max Reinhart wins face-off versus Mike Zigomanis in Remparts zone.
16:52 of 2nd period - Cody McLeod is hit by Mike Weber and loses puck.
17:04 of 2nd period - Minor Penalty to Kris Russell for Holding.
17:05 of 2nd period - Dainius Zubrus wins face-off versus Mike Zigomanis in Remparts zone.
17:18 of 2nd period - Snap shot by Alex Galchenyuk.
17:18 of 2nd period - Stopped by Leland Irving with a rebound.
17:44 of 2nd period - Snap shot by Carl Klingberg.
17:44 of 2nd period - Shot Blocked by Guillaume Desbiens.
17:45 of 2nd period - Penalty to Julian Melchiori is over, Julian Melchiori is back on ice.
17:46 of 2nd period - Snap shot by Carl Klingberg.
17:46 of 2nd period - Stopped by Tyler Plante without a rebound.
17:47 of 2nd period - Max Reinhart wins face-off versus Nathan Davis in Remparts zone.
19:04 of 2nd period - Penalty to Kris Russell is over, Kris Russell is back on ice.
19:40 of 2nd period - Wrist shot by Chris Terry.
19:40 of 2nd period - Shot Misses the Net.
19:46 of 2nd period - Slapshot by Kevin Veilleux.
19:46 of 2nd period - Shot Blocked by Chris Mueller.
19:48 of 2nd period - Slapshot by Slater Koekkoek.
19:48 of 2nd period - Shot Misses the Net.
19:50 of 2nd period - Slapshot by Slater Koekkoek.
19:50 of 2nd period - Shot Blocked by Chris Mueller.
19:52 of 2nd period - Snap shot by Slater Koekkoek.
19:52 of 2nd period - Stopped by Tyler Plante without a rebound.
19:53 of 2nd period - Dainius Zubrus wins face-off versus Mike Zigomanis in Remparts zone.
19:55 of 2nd period - Minor Penalty to Guillaume Desbiens for High sticking.
19:56 of 2nd period - Mike Zigomanis wins face-off versus Max Reinhart in Remparts zone.
Goals for this period are 3 for Remparts vs 2 for Rafales.
Shots for this period are 16 for Remparts vs 9 for Rafales.
3rd period
0:01 of 3rd period - Max Reinhart wins face-off versus Mike Zigomanis in neutral zone.
0:30 of 3rd period - Mike Weber is hit by Mark Fayne and loses puck.
1:21 of 3rd period - Julian Melchiori is hit by Pasi Salonen and loses puck.
1:52 of 3rd period - Mike Zigomanis is hit by Alex Galchenyuk and loses puck.
1:55 of 3rd period - Penalty to Guillaume Desbiens is over, Guillaume Desbiens is back on ice.
2:26 of 3rd period - Slater Koekkoek is hit by Johannes Salmonsson and loses puck.
2:45 of 3rd period - Tim Crowder is hit by Daniel Paille and loses puck.
3:17 of 3rd period - Off-side.
3:18 of 3rd period - Nathan Davis wins face-off versus Cédric Lalonde-McNicoll in neutral zone.
3:55 of 3rd period - Snap shot by Michael Bournival.
3:55 of 3rd period - Deflect By Jarret Stoll.
3:55 of 3rd period - Stopped by Tyler Plante with a rebound.
4:03 of 3rd period - Minor Penalty to Ryan Strome for Roughing.
4:04 of 3rd period - Max Reinhart wins face-off versus Milan Bartovic in Remparts zone.
4:35 of 3rd period - Max Reinhart is hit by Nathan Davis and loses puck.
5:24 of 3rd period - Mark Fayne is hit by Pasi Salonen and loses puck.
6:03 of 3rd period - Penalty to Ryan Strome is over, Ryan Strome is back on ice.
6:12 of 3rd period - Snap shot by Justin Williams.
6:12 of 3rd period - Shot Misses the Net.
6:14 of 3rd period - Wrist shot by Pasi Salonen.
6:14 of 3rd period - Shot Blocked by Connor Murphy.
7:19 of 3rd period - Jarret Stoll is hit by Michal Jordan and loses puck.
7:30 of 3rd period - Griffin Reinhart is hit by Carl Klingberg and loses puck.
7:52 of 3rd period - Snap shot by Daniel Paille.
7:52 of 3rd period - Deflect By Ryan Strome.
7:52 of 3rd period - Shot Blocked by Dylan McIlrath.
7:52 of 3rd period - Puck is out of play.
7:53 of 3rd period - Max Reinhart wins face-off versus Kevin Veilleux in Rafales zone.
8:00 of 3rd period - Snap shot by Daniel Paille.
8:00 of 3rd period - Deflect By Ryan Strome.
8:00 of 3rd period - Shot Misses the Net.
8:00 of 3rd period - Puck is out of play.
8:01 of 3rd period - Alex Galchenyuk wins face-off versus Mike Zigomanis in Rafales zone.
8:02 of 3rd period - Wrist shot by Dainius Zubrus.
8:02 of 3rd period - Shot Misses the Net.
8:10 of 3rd period - Snap shot by Guillaume Desbiens.
8:10 of 3rd period - Shot Misses the Net.
8:12 of 3rd period - Slapshot by Alex Galchenyuk.
8:12 of 3rd period - Stopped by Leland Irving without a rebound.
8:13 of 3rd period - Mike Zigomanis wins face-off versus Dainius Zubrus in Rafales zone.
8:35 of 3rd period - Icing by Mike Zigomanis.
8:36 of 3rd period - Jarret Stoll wins face-off versus Max Reinhart in Rafales zone.
9:01 of 3rd period - Milan Bartovic is hit by Mike Weber and loses puck.
9:25 of 3rd period - Snap shot by Pasi Salonen.
9:25 of 3rd period - Stopped by Leland Irving without a rebound.
9:26 of 3rd period - Jarret Stoll wins face-off versus Dainius Zubrus in Rafales zone.
9:37 of 3rd period - William Colbert is hit by Mark Fayne and loses puck.
10:01 of 3rd period - Snap shot by Ryan Strome.
10:01 of 3rd period - Deflect By Cody McLeod.
10:01 of 3rd period - Stopped by Leland Irving with a rebound.
10:03 of 3rd period - Wrist shot by Daniel Paille.
10:03 of 3rd period - Shot Blocked by Mike Zigomanis.
10:15 of 3rd period - Cédric Lalonde-McNicoll is hit by Brian Ferlin and loses puck.
10:34 of 3rd period - Connor Murphy is hit by Guillaume Desbiens and loses puck.
10:45 of 3rd period - Johannes Salmonsson is hit by Mark Fayne and loses puck.
10:56 of 3rd period - Chris Mueller is hit by Michael Bournival and loses puck.
11:01 of 3rd period - Wrist shot by Michael Bournival.
11:01 of 3rd period - Stopped by Tyler Plante with a rebound.
11:03 of 3rd period - Snap shot by Jarret Stoll.
11:03 of 3rd period - Stopped by Tyler Plante without a rebound.
11:04 of 3rd period - Mike Zigomanis wins face-off versus Dainius Zubrus in Remparts zone.
11:05 of 3rd period - Snap shot by Milan Bartovic.
11:05 of 3rd period - Shot Misses the Net.
11:35 of 3rd period - Wrist shot by Carl Klingberg.
11:35 of 3rd period - Stopped by Tyler Plante with a rebound.
11:37 of 3rd period - Backhand shot by Nathan Davis.
11:37 of 3rd period - Shot Blocked by Erik Gustafsson.
11:39 of 3rd period - Wrist shot by Nathan Davis.
11:39 of 3rd period - Stopped by Tyler Plante without a rebound.
11:40 of 3rd period - Max Reinhart wins face-off versus Mike Zigomanis in Remparts zone.
11:40 of 3rd period - Max Reinhart is hit by Cody McLeod.
12:32 of 3rd period - Cédric Lalonde-McNicoll is hit by Carl Klingberg and loses puck.
12:54 of 3rd period - Slater Koekkoek is hit by Dale Weise and loses puck.
13:09 of 3rd period - Wrist shot by Cody McLeod.
13:09 of 3rd period - Stopped by Tyler Plante without a rebound.
13:10 of 3rd period - Mike Zigomanis wins face-off versus Max Reinhart in Remparts zone.
13:21 of 3rd period - Mike Zigomanis is hit by Ryan Strome and loses puck.
14:14 of 3rd period - Wrist shot by Ryan Strome.
14:14 of 3rd period - Stopped by Leland Irving with a rebound.
14:16 of 3rd period - Snap shot by Ryan Strome.
14:16 of 3rd period - Stopped by Leland Irving without a rebound.
14:17 of 3rd period - Dainius Zubrus wins face-off versus Mike Zigomanis in Rafales zone.
14:24 of 3rd period - Wrist shot by Mike Zigomanis.
14:24 of 3rd period - Stopped by Tyler Plante without a rebound.
14:25 of 3rd period - Mike Zigomanis wins face-off versus Guillaume Desbiens in Remparts zone.
14:47 of 3rd period - Icing by William Colbert.
14:48 of 3rd period - Dainius Zubrus wins face-off versus Jarret Stoll in Remparts zone.
14:48 of 3rd period - Dainius Zubrus is hit by Jarret Stoll.
14:57 of 3rd period - Minor Penalty to Tim Crowder for High sticking.
14:58 of 3rd period - Mike Zigomanis wins face-off versus Dainius Zubrus in Rafales zone.
16:57 of 3rd period - Penalty to Tim Crowder is over, Tim Crowder is back on ice.
17:22 of 3rd period - Mike Weber is hit by Kevin Veilleux and loses puck.
17:40 of 3rd period - Griffin Reinhart is hit by Jarret Stoll and loses puck.
18:51 of 3rd period - Snap shot by Ryan Strome.
18:51 of 3rd period - Stopped by Leland Irving without a rebound.
18:52 of 3rd period - Paul MacLean call a timeout for Rafales.
18:52 of 3rd period - Dainius Zubrus wins face-off versus Mike Zigomanis in Rafales zone.
19:01 of 3rd period - Rafales, Leland Irving is pulled from the net.
19:09 of 3rd period - Slapshot by Mike Zigomanis.
19:09 of 3rd period - Stopped by Tyler Plante with a rebound.
19:11 of 3rd period - Snap shot by Cody McLeod.
19:11 of 3rd period - Shot Misses the Net.
19:13 of 3rd period - Slapshot by Milan Bartovic.
19:13 of 3rd period - Stopped by Tyler Plante with a rebound.
19:15 of 3rd period - Snap shot by Milan Bartovic.
19:15 of 3rd period - Stopped by Tyler Plante with a rebound.
19:17 of 3rd period - Snap shot by Milan Bartovic.
19:17 of 3rd period - Stopped by Tyler Plante without a rebound.
19:18 of 3rd period - Dainius Zubrus wins face-off versus Mike Zigomanis in Remparts zone.
19:23 of 3rd period - Wrist shot by Cody McLeod.
19:23 of 3rd period - Deflect By Mike Zigomanis.
19:23 of 3rd period - Stopped by Tyler Plante with a rebound.
19:25 of 3rd period - Snap shot by Cody McLeod.
19:25 of 3rd period - Goal by Cody McLeod - Remparts : 4 - Rafales : 4.
19:25 of 3rd period - Leland Irving from Rafales was sent back in the game.
19:26 of 3rd period - Nathan Davis wins face-off versus Cédric Lalonde-McNicoll in neutral zone.
19:51 of 3rd period - Mike Weber is hit by Jarret Stoll and loses puck.
19:56 of 3rd period - Snap shot by Michael Bournival.
19:56 of 3rd period - Stopped by Tyler Plante with a rebound.
19:58 of 3rd period - Snap shot by Michael Bournival.
19:58 of 3rd period - Stopped by Tyler Plante with a rebound.
Goals for this period are 0 for Remparts vs 1 for Rafales.
Shots for this period are 6 for Remparts vs 15 for Rafales.
Overtime #1
0:01 of 1st overtime period - Dainius Zubrus wins face-off versus Mike Zigomanis in neutral zone.
0:08 of 1st overtime period - Wrist shot by Alex Galchenyuk.
0:08 of 1st overtime period - Deflect By Mike Zigomanis.
0:08 of 1st overtime period - Shot Misses the Net.
0:08 of 1st overtime period - Puck is out of play.
0:09 of 1st overtime period - Dainius Zubrus wins face-off versus Mike Zigomanis in Rafales zone.
1:00 of 1st overtime period - Snap shot by Alex Galchenyuk.
1:00 of 1st overtime period - Shot Misses the Net.
1:18 of 1st overtime period - Wrist shot by Mike Zigomanis.
1:18 of 1st overtime period - Shot Blocked by Kris Russell.
1:20 of 1st overtime period - Snap shot by Cody McLeod.
1:20 of 1st overtime period - Shot Blocked by Mike Weber.
1:49 of 1st overtime period - Minor Penalty to Alex Galchenyuk for Interference.
1:50 of 1st overtime period - Nathan Davis wins face-off versus Max Reinhart in Remparts zone.
1:57 of 1st overtime period - Wrist shot by Nathan Davis.
1:57 of 1st overtime period - Goal by Nathan Davis - Remparts : 4 - Rafales : 5.
Goals for this period are 0 for Remparts vs 1 for Rafales.
Shots for this period are 0 for Remparts vs 1 for Rafales.
Back to the Top